 Dungeon Crawl Stone Soup version 0.19.0-2-gae57169 (webtiles) character file.

17162 kae the Bludgeoner (level 12, 10/76 HPs)
             Began as a Formicid Fighter on Nov 5, 2016.
             Was a High Priest of Okawaru.
             Quit the game on level 2 of the Abyss.
             The game lasted 00:16:01 (16053 turns).

kae the Bludgeoner (Formicid Fighter)              Turns: 16053, Time: 00:16:02

Health: 10/76      AC: 16    Str: 23 (25) XL:     12   Next: 79%
Magic:  19/19      EV:  8    Int:  6 (9)  God:    Okawaru [*****.]
Gold:   545        SH: 10    Dex: 13 (14) Spells: 0 memorised, 11 levels left

rFire  . . .     SeeInvis +     b - +1 mace (protect)
rCold  . . .     Gourm    .     K - +0 scale mail
rNeg   + . .     Faith    .     c - +0 shield
rPois  .         Spirit   .     (helmet unavailable)
rElec  .         Reflect  .     (no cloak)
rCorr  .         Harm     .     (no gloves)
MR     +....                    i - +1 pair of boots
Stlth  ..........               (no amulet)
                                y - ring of positive energy
                                q - +4 ring of dexterity

@: protection aura, very slightly contaminated
A: permanent stasis, dig shafts and tunnels, four strong arms, antennae 3, frail
2
a: Dig, Shaft Self, Heroism, Finesse, Renounce Religion


You were on level 2 of the Abyss.
You worshipped Okawaru.
Okawaru was extremely pleased with you.
You were very full.

You visited 3 branches of the dungeon, and saw 13 of its levels.
You visited the Abyss 1 time.

You collected 567 gold pieces.
You spent 22 gold pieces at shops.

Inventory:

Hand Weapons
 a - a +1 flail
 b - a +1 mace of protection (weapon)
Armour
 c - a +0 shield (worn)
 i - a +1 pair of boots (worn)
 K - a +0 scale mail (worn)
Jewellery
 q - a +4 ring of dexterity (left hand)
 t - an uncursed ring of wizardry
 y - a ring of positive energy (right hand)
 C - an uncursed ring of wizardry
Wands
 e - a wand of confusion (27/48)
 n - a wand of paralysis (9/24)
 r - a wand of slowing (12/48)
 A - a wand of random effects (14/48)
 G - a wand of lightning (2/15)
 J - a wand of lightning (12/15)
Scrolls
 h - 2 scrolls of enchant weapon
 k - 8 scrolls of remove curse
 u - 2 scrolls of magic mapping
 w - 4 scrolls of amnesia
 D - 2 scrolls of enchant armour
Potions
 d - a potion of mutation
 j - a potion of haste
 l - a potion of magic
Books
 o - a book of Cantrips

   Spells                             Type                      Level
   a - Confusing Touch                Hexes                        1
   b - Animate Skeleton               Necromancy                   1
   c - Summon Small Mammal            Summoning                    1
   d - Apportation                    Translocation                1
 s - a book of Changes

   Spells                             Type                      Level
   a - Beastly Appendage              Transmutation                1
   b - Sticks to Snakes               Transmutation                2
   c - Spider Form                    Transmutation/Poison         3
   d - Ice Form                       Ice/Transmutation            4
   e - Blade Hands                    Transmutation                5
 E - the Tome of Assistive Intoxication
   (You found it on level 9 of the Dungeon)

   Spells                             Type                      Level
   a - Infusion                       Charms                       1
   b - Sting                          Conjuration/Poison           1
   c - Shroud of Golubria             Charms/Translocation         2
   d - Spectral Weapon                Hexes/Charms                 3
   e - Iskenderun's Battlesphere      Conjuration/Charms           5
   f - Venom Bolt                     Conjuration/Poison           5
 H - a book of Party Tricks

   Spells                             Type                      Level
   a - Summon Butterflies             Summoning                    1
   b - Apportation                    Translocation                1
   c - Lesser Beckoning               Translocation                3
   d - Tukima's Dance                 Hexes                        3
   e - Alistair's Intoxication        Transmutation/Poison         5
   f - Invisibility                   Hexes                        6
Comestibles
 f - 6 bread rations
 g - 7 meat rations
 v - 8 fruits
 z - 4 beef jerkies
 B - 7 slices of pizza


   Skills:
 - Level 9.0 Fighting
 * Level 15.6 Maces & Flails
 - Level 3.2 Armour
 - Level 3.6 Shields
 + Level 10.5 Invocations


You had 11 spell levels left.
You didn't know any spells.

Dungeon Overview and Level Annotations

Branches:
Dungeon (10/15)            Temple (1/1) D:5            Lair (2/6) D:10
  Snake (0/4) Lair:2
  Swamp: Lair:2-4    Shoals: Lair:2-4       Orc: D:9-12

Altars:
Ashenzari
Cheibriados
Dithmenos
Elyvilon
Fedhas
Gozag
Hepliaklqana
Kikubaaqudgha
Makhleb
Nemelex Xobeh
Okawaru
Qazlal
Ru
Sif Muna
Trog
Uskayaw
Vehumet
Xom
Yredelemnul
Zin
The Shining One
Jiyva

Shops:
D:4 %   D:10 *

Annotations:
Lair:2 Sonja


Innate Abilities, Weirdness & Mutations

You are under a permanent stasis effect.
You can dig through walls and to a lower floor.
Your four strong arms can wield two-handed weapons with a shield.
You have a pair of large antennae on your head. (SInv)
[You are very frail. (-20% HP)]


Message History

The wretched star is moderately damaged.
The worldbinder closely misses you.
The worldbinder hits you but does no damage.
Unknown command.
You hit the worldbinder but do no damage.
The worldbinder is heavily damaged.
The worldbinder hits you but does no damage.
You block the worldbinder's attack.
You hit the wretched star but do no damage.
The wretched star is moderately damaged.
The worldbinder hits you.
* * * LOW HITPOINT WARNING * * *
The worldbinder hits you.
* * * LOW HITPOINT WARNING * * *
Are you sure you want to abandon this character and quit the game? (Confirm with "yes".)
Okay, then.
Unknown command.
Unknown command.
Unknown command.
Are you sure you want to abandon this character and quit the game? (Confirm with "yes".)

. ... #...# (
.. #...# .{#.
#...# ###
..###...###.##
#ยง#.##....#
#.# #N
...._...####
#.%{#S... ##
####x##...#
#.*@## ...#
#..####.. .#
.... # ....
...# ##. ....
#. . #. . . #
.# ## .


You could see a wretched star, a worldbinder and a black mamba.

Vanquished Creatures
  3 hill giants (D:10)
  An ugly thing (D:10)
  A deep elf mage (D:8)
  4 spiny frogs
  A centaur skeleton (D:10)
  3 komodo dragons
  3 trolls
  Prince Ribbit (D:6)
  2 hippogriffs
  11 blink frogs
  2 wraiths (D:10)
  6 yaks
  2 wyverns
  3 hogs (D:7)
  A human (D:7)
  2 hungry ghosts
  2 basilisks
  3 water moccasins
  3 ice beasts
  9 porcupines
  4 sky beasts
  7 orc warriors
  2 black bears
  4 wolves (Lair:2)
  An eye of draining (D:9)
  4 ogres
  A phantom (D:5)
  4 centaurs
  A big kobold (D:8)
  5 crocodiles
  6 bullfrogs
  3 scorpions
  6 killer bees (D:10)
  4 wights (D:6)
  5 howler monkeys
  2 bullfrog zombies
  A quasit (D:8)
  2 crimson imps
  7 orc priests
  A bullfrog skeleton (D:8)
  7 hounds
  12 iguanas (D:10)
  2 jellies
  11 orc wizards
  8 worker ants
  10 gnolls
  2 worker ant zombies (D:10)
  6 adders
  2 river rats (D:10)
  2 shadow imps (D:6)
  2 oozes
  An adder zombie (D:6)
  2 adder skeletons
  2 dart slugs (D:1)
  A worm (D:3)
  11 leopard geckos
  33 orcs
  5 giant cockroaches
  3 goblins
  A hobgoblin (D:1)
  9 jackals
  8 quokkas
  2 ball pythons
  10 bats
  2 frilled lizards (D:2)
  A giant cockroach zombie (D:5)
  9 kobolds
  A quokka skeleton (D:5)
  A quokka zombie (D:9)
  8 rats
307 creatures vanquished.

Vanquished Creatures (others)
  2 fungi (Lair:1)
2 creatures vanquished.

Grand Total: 309 creatures vanquished

Notes
Turn   | Place    | Note
-------+----------+-------------------------------------------
     0 | D:1      | kae the Formicid Fighter began the quest for the Orb.
     0 | D:1      | Reached XP level 1. HP: 18/18 MP: 1/1
   112 | D:1      | Reached XP level 2. HP: 12/24 MP: 2/2
   380 | D:1      | You fall through a shaft!
   433 | D:2      | Reached skill level 3 in Maces & Flails
   433 | D:2      | Reached XP level 3. HP: 21/29 MP: 3/3
   819 | D:1      | Found a snail-covered altar of Cheibriados.
  1312 | D:2      | Reached XP level 4. HP: 37/37 MP: 4/4
  1328 | D:2      | Found a white marble altar of Elyvilon.
  1358 | D:2      | Found a hide-covered altar of Uskayaw.
  2175 | D:3      | Reached skill level 4 in Maces & Flails
  2323 | D:3      | Reached XP level 5. HP: 42/42 MP: 5/5
  3101 | D:4      | Reached XP level 6. HP: 36/49 MP: 6/6
  3346 | D:4      | Found Waecajepn's Food Shop.
  3517 | D:5      | Entered Level 5 of the Dungeon
  3545 | D:5      | Reached skill level 5 in Maces & Flails
  3548 | D:5      | Reached skill level 5 in Fighting
  3842 | D:5      | Noticed a phantom
  3864 | D:5      | Killed a phantom
  3864 | D:5      | Reached XP level 7. HP: 38/56 MP: 7/7
  3979 | D:5      | Reached skill level 6 in Maces & Flails
  4294 | D:5      | Found a staircase to the Ecumenical Temple.
  4404 | Temple   | Entered the Ecumenical Temple
  4678 | D:5      | Reached XP level 8. HP: 41/64 MP: 8/8
  4689 | D:5      | Reached skill level 7 in Maces & Flails
  4798 | D:5      | Found a basalt altar of Yredelemnul.
  4991 | D:6      | Noticed Prince Ribbit
  5001 | D:6      | Killed Prince Ribbit
  5184 | D:6      | Reached skill level 8 in Maces & Flails
  5232 | D:6      | Found an ancient bone altar of Kikubaaqudgha.
  5266 | D:6      | Found a shattered altar of Ashenzari.
  5515 | D:6      | Reached XP level 9. HP: 67/72 MP: 9/9
  5657 | D:6      | Found a snail-covered altar of Cheibriados.
  5964 | D:7      | Reached skill level 9 in Maces & Flails
  6127 | D:7      | Found an iron altar of Okawaru.
  6150 | D:7      | Became a worshipper of Warmaster Okawaru
  6403 | D:7      | Noticed a hippogriff
  6417 | D:7      | Killed a hippogriff
  6786 | D:7      | Reached skill level 10 in Maces & Flails
  6793 | D:7      | Reached * piety under Okawaru
  7577 | D:7      | Reached XP level 10. HP: 48/83 MP: 10/10
  7732 | D:8      | Reached skill level 1 in Invocations
  8075 | D:8      | Reached skill level 11 in Maces & Flails
  8152 | D:8      | Found a glowing silver altar of Zin.
  8153 | D:8      | Found a blossoming altar of Fedhas.
  8217 | D:8      | Found a radiant altar of Vehumet.
  8665 | D:8      | Noticed a deep elf mage
  8672 | D:8      | Killed a deep elf mage
  8672 | D:8      | Reached ** piety under Okawaru
  8979 | D:9      | Identified the Tome of Assistive Intoxication
  9003 | D:9      | Reached skill level 12 in Maces & Flails
  9003 | D:9      | Reached skill level 5 in Invocations
  9196 | D:9      | Reached *** piety under Okawaru
  9784 | D:10     | Entered Level 10 of the Dungeon
  9789 | D:10     | Found Lakipinu's Assorted Antiques.
  9801 | D:10     | Reached XP level 11. HP: 81/89 MP: 15/15
  9823 | D:10     | Bought a viscous grey potion for 22 gold pieces
 10093 | D:10     | Reached skill level 13 in Maces & Flails
 10422 | D:10     | Found a staircase to the Lair.
 10899 | D:10     | Reached **** piety under Okawaru
 10903 | D:10     | Noticed a cyan ugly thing
 10939 | D:10     | Killed a cyan ugly thing
 11576 | D:10     | Noticed a hill giant
 11591 | D:10     | Killed a hill giant
 11591 | D:10     | Reached skill level 14 in Maces & Flails
 11830 | D:10     | Noticed a hill giant
 11848 | D:10     | Killed a hill giant
 11848 | D:10     | Reached ***** piety under Okawaru
 11985 | D:10     | Reached XP level 12. HP: 62/95 MP: 18/18
 12527 | Lair:1   | Entered Level 1 of the Lair of Beasts
 14192 | Lair:1   | Reached skill level 15 in Maces & Flails
 14682 | Lair:1   | Reached skill level 10 in Invocations
 15114 | Lair:2   | Found a staircase to the Snake Pit.
 15948 | Lair:2   | Noticed Sonja
 15998 | Lair:2   | Cast into level 2 of the Abyss (Sonja)
 16027 | Abyss:2  | Found a corrupted altar of Lugonu.
 16042 | Abyss:2  | Noticed a wretched star
 16053 | Abyss:2  | Quit the game

Skill      XL: |  1  2  3  4  5  6  7  8  9 10 11 12 |
---------------+-------------------------------------+-----
Maces & Flails | 3 4 5 6 8 10 12 14 15 | 15.6
Fighting       | 4 5 6 7 9 |  9.0
Invocations    | 6 8 10 | 10.5
Armour         | |  3.2
Shields        | |  3.6

Action                   |  1- 3 |  4- 6 |  7- 9 | 10-12 || total
-------------------------+-------+-------+-------+-------++-------
Melee: Flail             |    87 |   245 |   274 |   625 ||  1231
       Mace              |       |       |       |   367 ||   367
Invok: Heroism           |       |       |       |    22 ||    22
 Abil: Dig               |       |       |     3 |    12 ||    15
  Use: Scroll            |       |     7 |     5 |     4 ||    16
       Potion            |       |     1 |     2 |    13 ||    16
 Stab: Distracted        |       |       |       |     1 ||     1
  Eat: Chunk             |     1 |     9 |    12 |    26 ||    48
       Bread ration      |       |       |       |     3 ||     3
Armor: Scale mail        |    43 |    83 |    64 |   225 ||   415
       Skin              |       |    47 |       |       ||    47
Dodge: Dodged            |    36 |    54 |    60 |   233 ||   383
Block: Shield            |    61 |   134 |   148 |   329 ||   672
